 Dungeon Crawl Stone Soup version 0.30-a0-591-g3c58d2bc28 (webtiles) character file.

Game seed: 5819442309410233217

15224 Newt the Fighter (level 11, -3/95 HPs)
             Began as a Demonspawn Gladiator on Jan 4, 2023.
             Was an Initiate of Gozag.
             Slain by Frances
             ... wielding a +0 scimitar
              (26 damage)
             ... on level 12 of the Dungeon.
             The game lasted 00:12:28 (10931 turns).

Newt the Fighter (Demonspawn Gladiator)            Turns: 10931, Time: 00:12:29

Health: -3/95      AC: 19    Str: 18    XL:     11   Next: 99%
Magic:  11/11      EV: 13    Int: 17    God:    Gozag
Gold:   1411       SH:  0    Dex: 11    Spells: 10/10 levels left

rFire   . . .      SeeInvis .    Z - +8 hand axe of Plunder {vamp, Will++ Int+4 Dex-4}
rCold   + . .      Faith    .    c - +0 buckler
rNeg    . . .      Spirit   .    u - +2 ring mail {rC+}
rPois   .          Reflect  +    Q - +2 helmet {Int+3}
rElec   .          Harm     .    s - +2 cloak
rCorr   .          Rampage  .    (no gloves)
Will    ++...                    (no boots) Stlth
                                 V - amulet of reflection
HPRegen 0.35/turn                f - +4 ring of slaying
MPRegen 0.12/turn                W - +4 ring of protection

@: confused, ambrosia-drunk
A: hooves 1, repulsion field 1, powered by death 2, condensation shield
a: Renounce Religion, Potion Petition, Call Merchant, Bribe Branch


You were on level 12 of the Dungeon.
You worshipped Gozag.
Gozag was most pleased with you.
You visited 2 branches of the dungeon, and saw 13 of its levels.
You also visited: Sewer.

You collected 2216 gold pieces.
You spent 294 gold pieces at shops.
You paid 511 gold pieces to Gozag.

Inventory:

Hand Weapons
 a - a +0 rapier
 n - the +1 mace of Symmetry {pain, Will+ Int+5}
   (You found it on level 2 of the Dungeon)

   Int:       It affects your intelligence (+5).
   Will:      It increases your willpower.
 t - the +8 hand axe "Huumimap" {freeze, rF+ rC+ Str+2 Dex-3}
   (You found it on level 3 of the Dungeon)

   Str:       It affects your strength (+2).
   Dex:       It affects your dexterity (-3).
   rF:        It protects you from fire.
   rC:        It protects you from cold.
 X - a +3 battleaxe of electrocution
 Z - the +8 hand axe of Plunder (weapon) {vamp, Will++ Int+4 Dex-4}
   (You found it on level 10 of the Dungeon)

   Int:       It affects your intelligence (+4).
   Dex:       It affects your dexterity (-4).
   Will:      It greatly increases your willpower.
Missiles
 d - a throwing net (quivered)
 e - a javelin
 m - 14 boomerangs
 B - 35 poisoned darts
Armour
 c - a +0 buckler (worn)
 s - a +2 cloak (worn)
 u - a +2 ring mail of cold resistance (worn)
 Q - a +2 helmet of intelligence (worn)
Jewellery
 b - a ring of positive energy
 f - a +4 ring of slaying (left hand)
 y - a ring of positive energy
 T - a ring of resist corrosion
 U - a ring of poison resistance
 V - an amulet of reflection (around neck)
 W - a +4 ring of protection (right hand)
Wands
 H - a wand of quicksilver (6)
 N - a wand of flame (12)
 R - a wand of roots (27)
Scrolls
 p - a scroll of enchant weapon {unknown}
 r - a scroll of blinking
 w - 2 scrolls of enchant armour
 x - a scroll of summoning {unknown}
 C - 3 scrolls of teleportation
 F - 2 scrolls of magic mapping
 G - a scroll of vulnerability {unknown}
 I - 2 scrolls of amnesia
 L - a scroll of noise {unknown}
 O - 2 scrolls of immolation {unknown}
 S - a scroll of fog {unknown}
 Y - a scroll of silence {unknown}
Potions
 g - a potion of lignification
 h - 2 potions of mutation
 i - a potion of cancellation
 k - a potion of invisibility
 l - 2 potions of flight
 o - 5 potions of curing
 v - 3 potions of brilliance
 z - 2 potions of might
 E - a potion of degeneration {unknown}
 J - 3 potions of haste
 K - 4 potions of berserk rage
Miscellaneous
 j - a piece from Xom's chessboard (15/15)
 D - a box of beasts


   Skills:
 - Level 12.2 Fighting
 - Level 2.6 Short Blades
 - Level 8.0 Axes
 - Level 1.7 Throwing
 - Level 8.0 Armour
 - Level 4.0 Dodging
 - Level 2.0 Stealth
 + Level 8.5 Evocations


You had 10 spell levels left.
You didn't know any spells.
Your spell library contained the following spells:

 Spells                   Type           Power      Damage    Failure   Level
 Sandblast                Erth           0%         2d4       45%         1
 Shock                    Conj/Air       0%         1d3       45%         1
 Blink                    Tloc           0%         N/A       61%         2
 Momentum Strike          Conj/Tloc      0%         3d8       61%         2
 Passwall                 Tmut/Erth      0%         N/A       61%         2
 Static Discharge         Conj/Air       0%         2-2/arc   61%         2
 Dazzling Flash           Conj/Hex       0%         N/A       83%         3
 Ignite Poison            Fire/Tmut/Pois 0%         N/A       83%         3
 Lesser Beckoning         Tloc           0%         N/A       83%         3
 Stone Arrow              Conj/Erth      0%         3d7       83%         3
 Summon Guardian Golem    Hex/Summ       0%         N/A       83%         3
 Swiftness                Air            0%         N/A       83%         3
 Vhi's Electric Charge    Tloc/Air       0%         N/A       83%         3
 Airstrike                Air            0%         2d(0-16)  99%         4
 Manifold Assault         Tloc           0%         N/A       99%         4
 Sticky Flame             Conj/Fire      0%         2d3       99%         4
 Agony                    Necr           0%         N/A       100%        5
 Arcjolt                  Conj/Air       0%         1d10      100%        5
 Freezing Cloud           Conj/Ice/Air   0%         6-21      100%        5
 Lightning Bolt           Conj/Air       0%         1d11      100%        5
 Silence                  Hex/Air        0%         N/A       100%        5
 Dispersal                Tloc           0%         N/A       100%        6
 Orb of Destruction       Conj           0%         9d5       100%        7
 Spellforged Servitor     Conj/Summ      0%         N/A       100%        7
 Disjunction              Tloc           0%         N/A       100%        8
 Ignition                 Fire           0%         3d3       100%        8
 Polar Vortex             Ice            0%         N/A       100%        9
 Simulacrum               Ice/Necr       Unusable   N/A       N/A         6

Dungeon Overview and Level Annotations

Branches:
Dungeon (12/15)            Temple (1/1) D:5            Lair (0/5) D:11
    Orc (0/2) D:10          Sewer (visited)

Altars:
Ashenzari
Cheibriados
Dithmenos
Fedhas
Gozag
Hepliaklqana
Kikubaaqudgha
Makhleb
Nemelex Xobeh
Okawaru
Qazlal
Ru
Sif Muna
Trog
Uskayaw
Vehumet
Wu Jian
Xom
Yredelemnul

Shops:
D:1 (   D:9 *

Annotations:
D:6 1 runed translucent door
D:12 Frances


Innate Abilities, Weirdness & Mutations

You have large cloven feet.
You are surrounded by a mild repulsion field. (EV +2)
You regenerate health from kills.
A meltable shield of frost defends you. (SH +4)


Message History

You block the hellwing's attack.
The hellwing hits you but does no damage.
Frances closely misses you.
You feel much better. Frances closely misses you.
You block the chaos spawn's attack. The hellwing hits you!
* * * LOW HITPOINT WARNING * * *
The hellwing completely misses you.
You feel much better. Frances barely misses you.
You block the chaos spawn's attack. You block the hellwing's attack.
The hellwing misses you.
Frances hits you with a +0 scimitar! [a] - 130 gold - heal wounds [b] - 550 gold - brilliance, magic, heal wounds, curing and berserk rage [c] - 400 gold - heal wounds, curing and magic Purchase which effect?
You feel much better.
You feel better. Magic courses through your body.
Frances whispers indecipherable words.
The shard of ice reflects off an invisible shield around you!
The shard of ice hits Frances!
Frances partially resists.
The chaos spawn gores you.
You are confused.
The hellwing hits you! The hellwing closely misses you.
Frances hits you but does no damage. The hellwing hits you!
The hellwing closely misses you.
Frances says, "I am undefeated in single-handed combat."
Frances hits you but does no damage.
You slash Frances!
You feel better.
You kick Frances.
Frances is heavily wounded.
You hit the chaos spawn. You barely miss the hellwing.
Frances hits you with a +0 scimitar! The chaos spawn gores you.
The chaos spawn freezes you! You resist.
* * * LOW HITPOINT WARNING * * *
The hellwing hits you!
* * * LOW HITPOINT WARNING * * *
The hellwing hits you but does no damage.
You are more confused.
You feel invigorated.
Frances says, "Warriors are made for war and combat.
Do you call yourself a warrior?" Frances hits you with a +0 scimitar!!
You die...
Your body crumbles into a pile of gold.

#......(....... #..............
.<..# #.............. ....#
#.............. ....#
#..............
....######............###########
......................#..........
................4@....#......####
................@4....#......#...
..........###+####....#......#...
....##'#### ....#...^..#...
....#......... ...#......#...
....#......... ...###....#...
....#......... ....#....###'
....+......### ....#........
....########.. ....#........
.............# #...#........


You could see Frances (fast), a hellwing (summoned) and a chaos spawn
(summoned).

Vanquished Creatures
  Snorg (D:11)
  Josephine (D:11)
  2 two-headed ogres
  Nergalle (D:11)
  The ghost of experimilk the Destroyer, a novice DrCj of Vehumet (D:9)
  A cyclops (D:11)
  Maggie (D:7)
  2 trolls
  A polar bear (D:9)
  4 slime creatures (D:12)
  6 wraiths (D:11)
  A shadow (D:12)
  2 wyverns
  14 yaks
  Grum (D:11)
  4 vampire mosquitoes (D:11)
  Menkaure (D:6)
  4 acid dragons
  4 water moccasins
  2 sky beasts
  Duvessa (D:7)
  5 orc warriors
  2 ice beasts (D:9)
  6 ogres
  3 wolves
  4 centaurs
  A phantom (D:5)
  6 kobold brigands
  7 bullfrogs
  3 gnoll sergeants
  8 scorpions
  Dowan (D:7)
  4 wights (D:7)
  4 killer bees
  2 howler monkeys
  3 electric eels (D:9)
  3 hounds
  3 jellies (D:6)
  4 orc priests
  An iguana (D:4)
  5 orc wizards
  6 gnolls
  12 adders
  A shadow imp (D:4)
  A white imp (D:7)
  An ufetubus (D:5)
  3 worms
  2 dart slugs
  35 orcs
  6 endoplasms
  15 giant cockroaches
  7 goblins
  3 hobgoblins
  10 jackals
  16 kobolds
  8 quokkas
  13 ball pythons
  8 bats
  4 frilled lizards
  7 rats
288 creatures vanquished.

Notes
Turn   | Place    | Note
-------+----------+-------------------------------------------
     0 | D:1      | Newt the Demonspawn Gladiator began the quest for the Orb.
     0 | D:1      | Reached XP level 1. HP: 16/16 MP: 1/1
   142 | D:1      | Reached skill level 1 in Stealth
   192 | D:1      | Gained mutation: You are surrounded by a mild repulsion
                  | field. (EV +2) [demonic ancestry]
   192 | D:1      | Reached XP level 2. HP: 14/22 MP: 2/2
   346 | D:1      | Found Baob Hucuo's Antique Weapon Emporium.
   664 | D:1      | Found a faded altar of an unknown god.
   847 | D:1      | Gained mutation: You have large cloven feet. [demonic
                  | ancestry]
   847 | D:1      | Reached XP level 3. HP: 28/28 MP: 3/3
  1029 | D:2      | Identified a scroll of acquirement
  1029 | D:2      | Acquired a +4 ring of slaying
  1063 | D:2      | Identified the +1 mace of Symmetry {pain, Will+ Int+5}
  1150 | D:2      | Reached skill level 3 in Fighting
  1821 | D:3      | Identified the +8 hand axe "Huumimap" {freeze, rF+ rC+
                  | Str+2 Dex-3}
  1831 | D:3      | Reached XP level 4. HP: 37/37 MP: 4/4
  1899 | D:3      | Reached skill level 4 in Fighting
  2238 | D:3      | Reached skill level 1 in Axes
  2438 | D:4      | Gained mutation: You regenerate a little health from kills.
                  | [demonic ancestry]
  2438 | D:4      | Reached XP level 5. HP: 42/42 MP: 5/5
  2913 | D:5      | Entered Level 5 of the Dungeon
  2934 | D:5      | Gained mutation: You regenerate health from kills. [demonic
                  | ancestry]
  2934 | D:5      | Reached XP level 6. HP: 43/48 MP: 6/6
  2956 | D:5      | Reached skill level 5 in Axes
  2978 | D:5      | Noticed a water moccasin
  2986 | D:5      | Killed a water moccasin
  2987 | D:5      | Reached XP level 7. HP: 54/54 MP: 7/7
  3139 | D:5      | Found a staircase to the Ecumenical Temple.
  3199 | D:5      | Found a glowing drain.
  3208 | Sewer    | Entered a sewer
  3223 | Sewer    | Reached skill level 1 in Evocations
  3556 | D:5      | Reached skill level 1 in Armour
  3571 | Temple   | Entered the Ecumenical Temple
  3759 | Temple   | Became a worshipper of Gozag Ym Sagoz the Greedy
  4388 | D:5      | Found an ancient bone altar of Kikubaaqudgha.
  4461 | D:6      | Gained mutation: A meltable shield of frost defends you.
                  | (SH +4) [demonic ancestry]
  4461 | D:6      | Reached XP level 8. HP: 60/60 MP: 8/8
  4588 | D:6      | Found a broken altar of Ashenzari.
  4669 | D:6      | Found a runed translucent door.
  4673 | D:6      | Found a runed translucent door.
  4878 | D:6      | Reached skill level 5 in Fighting
  5169 | D:6      | Noticed Menkaure
  5175 | D:6      | Killed Menkaure
  5308 | D:6      | Reached skill level 6 in Fighting
  5324 | D:6      | Reached XP level 9. HP: 62/69 MP: 9/9
  5386 | D:7      | Noticed Maggie
  5400 | D:7      | Killed Maggie
  5401 | D:7      | Reached skill level 5 in Evocations
  5656 | D:7      | Noticed Duvessa
  5658 | D:7      | Noticed Dowan
  5666 | D:7      | Killed Dowan
  5670 | D:7      | Killed Duvessa
  6151 | D:7      | Found a hazy altar of Hepliaklqana.
  6848 | D:8      | Found a sparkling altar of Nemelex Xobeh.
  7205 | D:9      | Noticed a two-headed ogre
  7211 | D:9      | Killed a two-headed ogre
  7212 | D:9      | Reached XP level 10. HP: 60/76 MP: 10/10
  7384 | D:9      | Reached skill level 5 in Armour
  7514 | D:9      | Found a shimmering altar of Xom.
  7703 | D:9      | Found Mirhuleg's Assorted Antiques.
  7768 | D:9      | Found a runed translucent door.
  7771 | D:9      | Noticed experimilk's ghost (novice DrCj)
  7885 | D:9      | Killed experimilk's ghost
  7886 | D:9      | Reached skill level 7 in Fighting
  8028 | D:1      | Bought a runed battleaxe for 294 gold pieces
  8243 | D:10     | Entered Level 10 of the Dungeon
  8327 | D:10     | Identified the +8 hand axe of Plunder {vamp, Will++ Int+4
                  | Dex-4}
  8357 | D:10     | Reached XP level 11. HP: 86/86 MP: 11/11
  8360 | D:10     | Reached skill level 8 in Fighting
  8575 | D:10     | Found a staircase to the Orcish Mines.
  8609 | D:10     | Reached skill level 9 in Fighting
  8867 | D:11     | Noticed Nergalle
  8867 | D:11     | Noticed a two-headed ogre
  8880 | D:11     | Killed Nergalle
  8881 | D:11     | Killed a two-headed ogre
  8882 | D:11     | Reached skill level 10 in Fighting
  9007 | D:11     | Noticed Josephine
  9021 | D:11     | Killed Josephine
  9027 | D:11     | Reached skill level 11 in Fighting
  9224 | D:11     | Noticed Snorg
  9246 | D:11     | Killed Snorg
  9691 | D:11     | Found a staircase to the Lair.
  9739 | D:11     | Noticed Grum
  9746 | D:11     | Reached skill level 12 in Fighting
  9748 | D:11     | Killed Grum
 10913 | D:12     | Noticed Frances
 10925 | D:12     | HP: 3/95 [Frances/+0 scimitar (30)]
 10931 | D:12     | Slain by Frances

Illustrated notes

Levels and vault maps discovered:
D:1:      dpeg_arrival_houses_and_road, layout_basic,
          ebering_ecumenical_altar_abandoned, serial_shops, shop_fountains
D:2:      minmay_chambers_of_twos, layout_basic
D:3:      layout_loops_ring
D:4:      layout_loops_ring
D:5:      layout_layer_cave, kennysheep_mini_moat, minmay_temple_entry_waves,
          gup_sewer_entry_bubbles
D:6:      lemuel_insect_pit, layout_basic, mainiacjoe_overflow_surrounded_room,
          minmay_puff, uniq_menkaure
D:7:      layout_basic, old_standard_altar, serial_aquarium,
          aquarium_bridge_square [aquarium_subvault_bridge,
          aquarium_subvault_bridge, aquarium_subvault_bridge,
          aquarium_subvault_window], aquarium_window_fake, aquarium_window_1,
          aquarium_window_corner, aquarium_window_2, aquarium_view_2f,
          aquarium_view_2f, aquarium_balcony_3b, aquarium_pool_2, uniq_maggie,
          uniq_duvessa
D:8:      layout_basic, nicolae_overflow_crystal_walls,
          mainiacjoe_overflow_brackets, hangedman_decor_lopped
D:9:      layout_cross, mainiacjoe_overflow_concentric_impassable, serial_shops,
          kennysheep_mini, gammafunk_ghost_grave, serial_ice, serial_ice_l,
          serial_ice_a, serial_ice_h, serial_ice_f
D:10:     layout_rooms, kennysheep_orc_monster_closet_entryway
D:11:     layout_rooms, lair_entry_dummy, tso_oasis_becter, uniq_grum,
          uniq_nergalle, uniq_snorg, uniq_josephine
D:12:     layout_irregular_city, uniq_frances
Temple:   eino_temple_scatter_basement

Skill      XL: |  1  2  3  4  5  6  7  8  9 10 11 |
---------------+----------------------------------+-----
Stealth        | 1 2 |  2.0
Fighting       | 3 4 6 7 12 | 12.2
Axes           | 2 4 5 6 8 |  8.0
Evocations     | 3 4 8 |  8.5
Armour         | 2 4 8 |  8.0
Dodging        | 4 |  4.0
Short Blades   | |  2.6
Throwing       | |  1.7

Action                   |  1- 3 |  4- 6 |  7- 9 | 10-12 || total
-------------------------+-------+-------+-------+-------++-------
Melee: Rapier            |   112 |       |       |       ||   112
       Punch             |     2 |       |     1 |     2 ||     5
       Mace              |    25 |       |       |       ||    25
       Kick              |    12 |    10 |    55 |   108 ||   185
       Hand axe          |       |    63 |   220 |   309 ||   592
Throw: Throwing net      |       |       |       |     3 ||     3
Invok: Potion Petition   |       |       |       |     1 ||     1
  Use: Scroll            |     4 |     1 |     7 |     7 ||    19
       Potion            |       |       |     1 |     3 ||     4
 Stab: Sleeping          |     6 |     2 |       |       ||     8
       Distracted        |       |       |     1 |       ||     1
Armor: Leather armour    |    49 |       |       |       ||    49
       Ring mail         |       |    38 |    61 |   135 ||   234
Dodge: Dodged            |   114 |    33 |   119 |   198 ||   464
Block: Other             |       |       |    24 |    75 ||    99
       Buckler           |       |       |       |    89 ||    89
       Reflection        |       |       |       |     3 ||     3

Table legend: (Time is in decaauts)
 A = Elapsed time spent in this place.
 B = Non-inter-level travel time spent in this place.
 C = Inter-level travel time spent in this place.
 D = Time resting spent in this place.
 E = Time spent auto-exploring this place.
 F = Levels seen in this place.
 G = Mean time per level.
                   A        B        C        D        E       F      G
               +--------+--------+--------+--------+--------+-----+--------+
         Total |  11030 |  10431 |    599 |   1309 |   7163 |  14 |  787.9 |
       Dungeon |  10587 |  10022 |    565 |   1309 |   6900 |  12 |  882.2 |
        Temple |    198 |    165 |     33 |      0 |    149 |   1 |  198.0 |
         Sewer |    243 |    243 |      0 |      0 |    113 |   1 |  243.0 |
               +--------+--------+--------+--------+--------+-----+--------+

Top non-repeatable levels by time:
    D:11: 1613 daAuts
     D:5: 1163 daAuts
     D:1: 1132 daAuts
     D:7: 1082 daAuts
     D:6: 1003 daAuts
     D:8: 806 daAuts
     D:3: 762 daAuts
     D:9: 715 daAuts
     D:2: 699 daAuts
    D:10: 569 daAuts
     D:4: 532 daAuts
    D:12: 506 daAuts
   Sewer: 243 daAuts
  Temple: 198 daAuts
